[Event "FIDE Women World Rapid 2024"]
[Site "New York"]
[Date "2024.12.27"]
[Round "5.1"]
[White "Ju, Wenjun"]
[Black "Lee, Alice"]
[Result "1-0"]
[ECO "E24"]
[WhiteElo "2563"]
[BlackElo "2398"]
[Annotator "ChessBase"]
[PlyCount "141"]
[EventDate "2024.12.14"]
[EventType "swiss"]
[EventCountry "USA"]
[SourceTitle "playchess.com"]
[Source "ChessBase"]
[SourceQuality "1"]
[TimeControl "900+10"]

1. d4 Nf6 2. c4 e6 3. Nc3 d5 4. cxd5 exd5 5. Bg5 Bb4 6. e3 h6 7. Bxf6 Qxf6 8. a3 Bxc3+ 9. bxc3 O-O 10. Ne2 c5 11. Nf4 Rd8 12. Be2 Nc6 13. O-O c4 14. Bf3 Ne7 15. Rb1 Rb8 16. Rb5 Qa6 17. Qb1 Qxa3 18. Nxd5 Nxd5 19. Bxd5 Qxc3 20. Rc1 Qa3 21. Bxc4 b6 22. h3 Qf8 23. Qa2 a6 24. Rb2 b5 25. Bb3 Qe7 26. Qa5 Bb7 27. Qc7 Qf6 28. Qg3 Rbc8 29. Rbc2 Rxc2 30. Rxc2 Bd5 31. Bxd5 Rxd5 32. Rc8+ Rd8 33. Qc7 Rxc8 34. Qxc8+ Kh7 35. Qc5 g5 36. d5 Qa1+ 37. Kh2 Qe5+ 38. g3 Qf5 39. Kg1 Qb1+ 40. Kg2 Qe4+ 41. Kh2 Qf5 42. e4 Qxe4 43. d6 Qd3 44. Qc7 Qf5 45. Qa7 Qd5 46. d7 b4 47. Qc7 Qf5 48. Kg1 Qb1+ 49. Kg2 Qe4+ 50. Kf1 Qd3+ 51. Ke1 Qe4+ 52. Kd2 Qd4+ 53. Kc2 Qe4+ 54. Kb2 Qd4+ 55. Kb3 Qd1+ 56. Kxb4 Qd2+ 57. Kc5 Qxf2+ 58. Kc6 Qf3+ 59. Kb6 Qb3+ 60. Ka7 Qe3+ 61. Kb7 Qb3+ 62. Qb6 Qd5+ 63. Kc7 Qe5+ 64. Kc8 Qf5 65. g4 Qc2+ 66. Qc7 Qe4 67. d8=Q Qa8+ 68. Kd7 Qd5+ 69. Ke8 Qe4+ 70. Kxf7 Qg6+ 71. Kf8+ 1-0

[Event "FIDE Women World Rapid 2024"]
[Site "New York"]
[Date "2024.12.27"]
[Round "5.1"]
[White "Agrest, Inna"]
[Black "Kashlinskaya, Alina"]
[Result "0-1"]
[ECO "C78"]
[WhiteElo "2155"]
[BlackElo "2493"]
[Annotator "ChessBase"]
[PlyCount "104"]
[EventDate "2024.12.14"]
[EventType "swiss"]
[EventCountry "USA"]
[SourceTitle "playchess.com"]
[Source "ChessBase"]
[SourceQuality "1"]
[TimeControl "900+10"]

1. e4 e5 2. Nf3 Nc6 3. Bb5 a6 4. Ba4 Nf6 5. d3 Bc5 6. c3 d6 7. O-O O-O 8. h3 h6 9. Re1 Ba7 10. Nbd2 Ne7 11. Nf1 Ng6 12. Ng3 d5 13. exd5 Nxd5 14. d4 exd4 15. cxd4 c6 16. Bc2 Re8 17. Rxe8+ Qxe8 18. a3 Be6 19. Qd3 Rd8 20. Bd2 Nf6 21. Re1 Qd7 22. Ba5 b6 23. Bd2 c5 24. Qxa6 Bb8 25. Qxb6 Nd5 26. Qa6 Ngf4 27. Bxf4 Nxf4 28. Ne5 Qxd4 29. Nc6 Qd6 30. Rd1 Bd5 31. Nxb8 Qxb8 32. Qa5 Re8 33. Qa4 Bxg2 34. Bf5 Bf3 35. Rc1 g6 36. Bd7 Ne2+ 37. Nxe2 Rxe2 38. Bg4 Qxb2 39. Rf1 Bxg4 40. Qxg4 Re5 41. Qf3 c4 42. Rd1 Rg5+ 43. Kf1 Rf5 44. Qe3 Qb7 45. Ke2 Qc7 46. Kf1 Qc6 47. Rd4 c3 48. Rd8+ Kh7 49. Qd4 Qh1+ 50. Ke2 Qf3+ 51. Ke1 Rf6 52. Rd6 c2 0-1

[Event "FIDE Women World Rapid 2024"]
[Site "New York"]
[Date "2024.12.27"]
[Round "5.2"]
[White "Batsiashvili, Nino"]
[Black "Tan, Zhongyi"]
[Result "1/2-1/2"]
[ECO "E43"]
[WhiteElo "2476"]
[BlackElo "2561"]
[Annotator "ChessBase"]
[PlyCount "106"]
[EventDate "2024.12.14"]
[EventType "swiss"]
[EventCountry "USA"]
[SourceTitle "playchess.com"]
[Source "ChessBase"]
[SourceQuality "1"]
[TimeControl "900+10"]

1. d4 Nf6 2. c4 e6 3. Nc3 Bb4 4. Nf3 b6 5. e3 Bb7 6. Bd3 O-O 7. O-O Bxc3 8. bxc3 c5 9. Rb1 d6 10. Qc2 Bxf3 11. gxf3 Nc6 12. Kh1 e5 13. d5 Ne7 14. Rg1 Qd7 15. Qe2 Ng6 16. f4 exf4 17. exf4 Qh3 18. Rg3 Qh5 19. Qf1 Ng4 20. Qg1 f5 21. f3 Nh6 22. Bf1 Qh4 23. Rh3 Qf6 24. Bd2 Rae8 25. Bd3 Kh8 26. Qg5 Qxg5 27. fxg5 Nf7 28. f4 Nd8 29. Kg2 Kg8 30. Kf2 Nh8 31. Rg3 Nb7 32. h4 g6 33. h5 gxh5 34. Rh1 Ng6 35. Rxh5 Na5 36. Rgh3 Rf7 37. Rh6 a6 38. a4 Rfe7 39. Re3 Rxe3 40. Bxe3 Rf8 41. Rh1 Ne7 42. Rb1 Rb8 43. Kf3 Kg7 44. Bf2 Kg6 45. Re1 Kf7 46. Re6 Rd8 47. Re1 Rb8 48. Rb1 Kf8 49. Bg3 Kf7 50. Bf2 Kf8 51. Rh1 Kg7 52. Re1 Kf7 53. Rb1 Kf8 1/2-1/2

[Event "FIDE Women World Rapid 2024"]
[Site "New York"]
[Date "2024.12.27"]
[Round "5.2"]
[White "Kamalidenova, Meruert"]
[Black "Kairbekova, Amina"]
[Result "1-0"]
[ECO "B30"]
[WhiteElo "2378"]
[BlackElo "2309"]
[Annotator "ChessBase"]
[PlyCount "133"]
[EventDate "2024.12.14"]
[EventType "swiss"]
[EventCountry "USA"]
[SourceTitle "playchess.com"]
[Source "ChessBase"]
[SourceQuality "1"]
[TimeControl "900+10"]

1. e4 c5 2. Nf3 Nc6 3. Bb5 e6 4. O-O Nge7 5. d4 cxd4 6. Nxd4 Qb6 7. Nxc6 bxc6 8. Be2 Ng6 9. c4 Be7 10. Nc3 O-O 11. Rb1 Qc7 12. Be3 c5 13. Qc2 a6 14. f4 Bb7 15. g3 d6 16. Rbd1 Bf6 17. Bf3 Ne7 18. Ne2 Nc6 19. b3 Rfd8 20. Bg2 a5 21. g4 h6 22. a4 Rab8 23. Bf2 Qe7 24. Rb1 Ba8 25. Rfd1 e5 26. f5 Nd4 27. Qa2 Bh4 28. Nc3 Bxf2+ 29. Qxf2 Nxb3 30. Nb5 Nd4 31. h4 Bc6 32. Ra1 Ra8 33. Ra3 g5 34. Qd2 f6 35. Kf2 Qf7 36. Rh3 Bxb5 37. cxb5 Kg7 38. Rdh1 Rh8 39. Bf1 d5 40. Qc3 dxe4 41. Bc4 e3+ 42. Kxe3 Qb7 43. R1h2 gxh4 44. Bd3 Rad8 45. Be4 Qf7 46. Rxh4 c4 47. b6 Nb3 48. g5 hxg5 49. Rxh8 Rxh8 50. Rxh8 Kxh8 51. b7 Qc7 52. Bd5 Qb6+ 53. Kf3 Nd4+ 54. Kg4 Ne2 55. Qe3 Nd4 56. Qh3+ Kg7 57. Qh5 Nxf5 58. Qf7+ Kh6 59. Kxf5 Qf2+ 60. Ke6 Qb6+ 61. Kd7 c3 62. Qf8+ Kh5 63. b8=Q Qd4 64. Qf7+ Kh4 65. Qh8+ Kg3 66. Qhxf6 Qxa4+ 67. Kd8 1-0

[Event "FIDE Women World Rapid 2024"]
[Site "New York"]
[Date "2024.12.27"]
[Round "5.3"]
[White "Dronavalli, Harika"]
[Black "Mammadzada, Gunay"]
[Result "1/2-1/2"]
[ECO "A07"]
[WhiteElo "2489"]
[BlackElo "2421"]
[Annotator "ChessBase"]
[PlyCount "97"]
[EventDate "2024.12.14"]
[EventType "swiss"]
[EventCountry "USA"]
[SourceTitle "playchess.com"]
[Source "ChessBase"]
[SourceQuality "1"]
[TimeControl "900+10"]

1. Nf3 d5 2. g3 Nf6 3. Bg2 e6 4. O-O Be7 5. d3 O-O 6. a4 Nc6 7. Nbd2 a5 8. e4 dxe4 9. dxe4 e5 10. Qe2 Bc5 11. Nc4 Qe7 12. c3 h6 13. Ne3 Bxe3 14. Bxe3 Bg4 15. h3 Bxf3 16. Bxf3 Qe6 17. Kh2 Ne7 18. Rfd1 Nc8 19. Bc5 Re8 20. Rd2 Qc6 21. Qb5 Qxb5 22. axb5 b6 23. Ba3 Na7 24. c4 c6 25. bxc6 Nxc6 26. Rd6 Rac8 27. Kg2 Re6 28. Rxe6 fxe6 29. Bd6 Nd4 30. Rc1 Nxf3 31. Kxf3 Nd7 32. b3 Rc6 33. Rd1 a4 34. Be7 Nf6 35. bxa4 Rxc4 36. Bxf6 gxf6 37. Rd6 Kf7 38. Rd7+ Kg6 39. Rd6 Rxa4 40. Rxe6 b5 41. Rb6 Rb4 42. g4 Rb3+ 43. Kg2 b4 44. h4 Rb1 45. Kf3 b3 46. Kg2 Kf7 47. Kf3 Kg6 48. Kg2 Kf7 49. Kf3 1/2-1/2

[Event "FIDE Women World Rapid 2024"]
[Site "New York"]
[Date "2024.12.27"]
[Round "5.3"]
[White "Cori T., Deysi"]
[Black "Khademalsharieh, Sarasadat"]
[Result "1/2-1/2"]
[ECO "D03"]
[WhiteElo "2353"]
[BlackElo "2458"]
[Annotator "ChessBase"]
[PlyCount "147"]
[EventDate "2024.12.14"]
[EventType "swiss"]
[EventCountry "USA"]
[SourceTitle "playchess.com"]
[Source "ChessBase"]
[SourceQuality "1"]
[TimeControl "900+10"]

1. d4 d5 2. Bg5 Nd7 3. e3 Ngf6 4. Nd2 h6 5. Bh4 e6 6. Ngf3 c5 7. c3 Be7 8. Bd3 b6 9. O-O Bb7 10. Qe2 O-O 11. Ba6 Bxa6 12. Qxa6 Ne4 13. Bxe7 Qxe7 14. Nxe4 dxe4 15. Nd2 f5 16. f3 exf3 17. Rxf3 e5 18. Raf1 cxd4 19. exd4 Qg5 20. Qe2 e4 21. Rf4 Rae8 22. Nc4 Rf6 23. Ne3 Ref8 24. Qf2 R6f7 25. g4 Kh7 26. Kh1 Nf6 27. gxf5 Re7 28. Rg1 Qh5 29. Rg3 Qf7 30. Rh4 Nd5 31. Rg6 Nxe3 32. Qxe3 Qxf5 33. Rhxh6+ Kg8 34. Rg1 Qf3+ 35. Qxf3 exf3 36. Rhg6 Rff7 37. R6g3 Re2 38. b4 Rxa2 39. Rf1 f2 40. Kg2 Rc2 41. d5 b5 42. Rd3 Kf8 43. d6 Ke8 44. Rd5 a6 45. Rc5 Rf6 46. Rc7 Rg6+ 47. Kh1 Kd8 48. Rf7 Rxd6 49. Rxg7 Rf6 50. Rg3 Kd7 51. Kg2 Kd6 52. h4 Kd5 53. Rg4 Ke5 54. h5 Rxc3 55. Rxf2 Rxf2+ 56. Kxf2 Rh3 57. Rg5+ Kf4 58. Rg6 Rxh5 59. Rxa6 Ke4 60. Rc6 Kd4 61. Ke2 Rh2+ 62. Kd1 Rb2 63. Kc1 Rxb4 64. Rd6+ Kc3 65. Rh6 Rb3 66. Rh4 Rb4 67. Rxb4 Kxb4 68. Kb2 Kc4 69. Kc2 b4 70. Kb2 b3 71. Kb1 Kb4 72. Kb2 Ka4 73. Kb1 Ka3 74. Ka1 1/2-1/2

[Event "FIDE Women World Rapid 2024"]
[Site "New York"]
[Date "2024.12.27"]
[Round "5.4"]
[White "Munguntuul, Batkhuyag"]
[Black "Kosteniuk, Alexandra"]
[Result "0-1"]
[ECO "B11"]
[WhiteElo "2342"]
[BlackElo "2484"]
[Annotator "ChessBase"]
[PlyCount "112"]
[EventDate "2024.12.14"]
[EventType "swiss"]
[EventCountry "USA"]
[SourceTitle "playchess.com"]
[Source "ChessBase"]
[SourceQuality "1"]
[TimeControl "900+10"]

1. e4 c6 2. Nc3 d5 3. Nf3 dxe4 4. Nxe4 Nf6 5. Qe2 Bf5 6. d3 e6 7. Ng3 Bg6 8. Ne5 Nbd7 9. Nxg6 hxg6 10. Bd2 Qb6 11. O-O-O Nc5 12. c4 O-O-O 13. Be3 Qa5 14. Kb1 e5 15. Qc2 Ne6 16. Be2 Rh4 17. Ne4 Be7 18. Ng5 Nxg5 19. Bxg5 Rhh8 20. h4 Bc5 21. Bf3 Bd4 22. g4 Qb6 23. Rd2 Rde8 24. Re2 Nd7 25. h5 gxh5 26. gxh5 Nc5 27. Bg4+ Kb8 28. Rhe1 f6 29. Be3 Rd8 30. Bc1 a5 31. f4 a4 32. fxe5 Bxe5 33. Be3 a3 34. b3 Qa5 35. Bd2 Qc7 36. Bf5 Qd6 37. Bb4 Rxh5 38. d4 Qxd4 39. Rxe5 fxe5 40. Bc3 Qf4 41. Bxe5+ Qxe5 42. Rxe5 Rh1+ 43. Qc1 Rxc1+ 44. Kxc1 b6 45. Re7 Rf8 46. Bh3 Rf2 47. Rxg7 Rxa2 48. Rg2 Nxb3+ 49. Kb1 Ra1+ 50. Kc2 Nd4+ 51. Kc3 c5 52. Bg4 Rc1+ 53. Kd3 Nc6 54. Be6 Nb4+ 55. Ke4 Re1+ 56. Kf5 a2 0-1

[Event "FIDE Women World Rapid 2024"]
[Site "New York"]
[Date "2024.12.27"]
[Round "5.4"]
[White "Mou, Iris"]
[Black "Sahithi Varshini M"]
[Result "1-0"]
[ECO "B20"]
[WhiteElo "2226"]
[BlackElo "2309"]
[Annotator "ChessBase"]
[PlyCount "109"]
[EventDate "2024.12.14"]
[EventType "swiss"]
[EventCountry "USA"]
[SourceTitle "playchess.com"]
[Source "ChessBase"]
[SourceQuality "1"]
[TimeControl "900+10"]

1. e4 c5 2. g3 Nc6 3. Bg2 e6 4. Ne2 Nge7 5. O-O d5 6. exd5 Nxd5 7. d4 Nb6 8. dxc5 Bxc5 9. Qxd8+ Nxd8 10. Nbc3 Bd7 11. Ne4 Be7 12. Bf4 Rc8 13. Rac1 f6 14. N2c3 Bc6 15. Rfd1 e5 16. Be3 Nc4 17. Nd5 Nxe3 18. Nxe3 g6 19. Nd5 Bxd5 20. Rxd5 Nc6 21. c3 f5 22. Nd2 e4 23. Nc4 O-O 24. Rcd1 Nb4 25. Rd7 Rxc4 26. Rxe7 Nc6 27. Rxb7 Rf7 28. Rxf7 Kxf7 29. Rd7+ Kf6 30. Bf1 Rc5 31. Rc7 h5 32. a4 Ke5 33. Bb5 Kd6 34. Rxc6+ Rxc6 35. Bxc6 Kxc6 36. h4 Kd5 37. b3 Ke5 38. a5 Kd5 39. Kf1 Kc5 40. Ke2 Kb5 41. b4 Kc4 42. Kd2 Kb5 43. Ke3 Kc4 44. Kf4 a6 45. Kg5 Kd3 46. b5 Ke2 47. bxa6 Kxf2 48. a7 e3 49. a8=Q e2 50. Qa7+ Kf1 51. Qe3 e1=Q 52. Qxe1+ Kxe1 53. a6 Kf2 54. Kf4 Kg2 55. a7 1-0

[Event "FIDE Women World Rapid 2024"]
[Site "New York"]
[Date "2024.12.27"]
[Round "5.5"]
[White "Maltsevskaya, Aleksandra"]
[Black "Assaubayeva, Bibisara"]
[Result "1/2-1/2"]
[ECO "B51"]
[WhiteElo "2368"]
[BlackElo "2492"]
[Annotator "ChessBase"]
[PlyCount "55"]
[EventDate "2024.12.14"]
[EventType "swiss"]
[EventCountry "USA"]
[SourceTitle "playchess.com"]
[Source "ChessBase"]
[SourceQuality "1"]
[TimeControl "900+10"]

1. e4 c5 2. Nf3 d6 3. Bb5+ Nd7 4. d4 cxd4 5. Nxd4 Ngf6 6. O-O a6 7. Bd3 Nc5 8. Re1 e5 9. Nf3 b5 10. b4 Nxd3 11. Qxd3 h6 12. a4 bxa4 13. Rxa4 Rb8 14. c4 Be7 15. Nc3 O-O 16. Be3 Bb7 17. h3 Qd7 18. Rea1 Bc6 19. Rxa6 Rxb4 20. Ra7 Rb7 21. Rxb7 Bxb7 22. Ra7 Ra8 23. Nxe5 Qc8 24. Rxa8 Qxa8 25. Ng4 Nxe4 26. Nd5 Bxd5 27. cxd5 Nf6 28. Nxf6+ 1/2-1/2

[Event "FIDE Women World Rapid 2024"]
[Site "New York"]
[Date "2024.12.27"]
[Round "5.5"]
[White "Sargsyan, Anna M."]
[Black "Melia, Salome"]
[Result "1-0"]
[ECO "A06"]
[WhiteElo "2361"]
[BlackElo "2293"]
[Annotator "ChessBase"]
[PlyCount "59"]
[EventDate "2024.12.14"]
[EventType "swiss"]
[EventCountry "USA"]
[SourceTitle "playchess.com"]
[Source "ChessBase"]
[SourceQuality "1"]
[TimeControl "900+10"]

1. Nf3 d5 2. e3 g6 3. c4 e6 4. d4 Bg7 5. Nc3 Ne7 6. Bd2 O-O 7. Rc1 Nbc6 8. h4 h6 9. h5 g5 10. a3 a6 11. b4 e5 12. dxe5 Nxe5 13. cxd5 Nxd5 14. Nd4 Re8 15. Be2 Nf4 16. O-O Nxe2+ 17. Ncxe2 Bg4 18. Bc3 Bxh5 19. Qb3 Qd7 20. Ng3 Bg4 21. Qc2 Nc4 22. a4 b5 23. axb5 Na3 24. Qb2 axb5 25. Nxb5 Bxc3 26. Nxc3 Nc4 27. Qc2 Rad8 28. Nce4 Qe6 29. Qxc4 f5 30. Nf6+ 1-0

[Event "FIDE Women World Rapid 2024"]
[Site "New York"]
[Date "2024.12.27"]
[Round "5.6"]
[White "Lagno, Kateryna"]
[Black "Shuvalova, Polina"]
[Result "1-0"]
[ECO "B23"]
[WhiteElo "2515"]
[BlackElo "2504"]
[Annotator "ChessBase"]
[PlyCount "118"]
[EventDate "2024.12.14"]
[EventType "swiss"]
[EventCountry "USA"]
[SourceTitle "playchess.com"]
[Source "ChessBase"]
[SourceQuality "1"]
[TimeControl "900+10"]

1. e4 c5 2. Nc3 d6 3. Bb5+ Bd7 4. Bxd7+ Qxd7 5. d4 cxd4 6. Qxd4 Nc6 7. Qd3 g6 8. Nf3 Bg7 9. O-O Nf6 10. Nd5 O-O 11. Bg5 Ne8 12. c3 Nc7 13. Rad1 Ne6 14. Bh4 Rfe8 15. Rfe1 Kf8 16. Qe3 Qc8 17. Bg3 b5 18. h4 h5 19. Rd3 Rb8 20. e5 dxe5 21. Nxe5 Nxe5 22. Bxe5 Rb7 23. Bxg7+ Kxg7 24. Qe5+ Kg8 25. Rg3 Ng7 26. Nf4 Qf5 27. Rge3 Qxe5 28. Rxe5 e6 29. a3 Rd8 30. g3 Nf5 31. Ng2 Rd2 32. R5e2 Rbd7 33. Kf1 R2d6 34. Ne3 Ne7 35. Rc1 Nc6 36. Ree1 a5 37. Red1 Ne5 38. Ke2 Kg7 39. Rxd6 Rxd6 40. b3 Nd7 41. b4 axb4 42. cxb4 Ra6 43. Rc3 e5 44. Nd5 Ra7 45. Rc7 Rxc7 46. Nxc7 Nb6 47. Nxb5 Kf6 48. Nc3 Ke6 49. a4 f5 50. a5 Nc4 51. a6 Kd6 52. a7 Nb6 53. Na4 Na8 54. b5 Kc7 55. b6+ Kc6 56. Kd3 Kb7 57. Kc3 Kc6 58. Kc4 f4 59. Kd3 Kd5 1-0

[Event "FIDE Women World Rapid 2024"]
[Site "New York"]
[Date "2024.12.27"]
[Round "5.6"]
[White "Bodnaruk, Anastasia"]
[Black "Belenkaya, Dina"]
[Result "1-0"]
[ECO "B12"]
[WhiteElo "2333"]
[BlackElo "2155"]
[Annotator "ChessBase"]
[PlyCount "91"]
[EventDate "2024.12.14"]
[EventType "swiss"]
[EventCountry "USA"]
[SourceTitle "playchess.com"]
[Source "ChessBase"]
[SourceQuality "1"]
[TimeControl "900+10"]

1. e4 c6 2. d4 d5 3. e5 g6 4. Bd3 Bg7 5. Ne2 c5 6. c3 Nc6 7. O-O Nh6 8. Bxh6 Bxh6 9. f4 cxd4 10. cxd4 Qb6 11. Nbc3 Be6 12. Na4 Qa5 13. h3 Bf5 14. Bxf5 gxf5 15. a3 Rg8 16. b4 Qd8 17. Nc5 b6 18. Nb3 Qd7 19. Qd3 Nd8 20. Rac1 Rg6 21. Kh2 f6 22. Ng3 fxe5 23. dxe5 e6 24. Nd4 Rc8 25. Nh5 Kf8 26. g3 Bg7 27. Qb5 Qb7 28. Qd3 Rh6 29. g4 fxg4 30. hxg4 Kg8 31. Kg3 Rc7 32. Qb5 Kf8 33. Rh1 a6 34. Qd3 Rc4 35. Nf3 Qc7 36. Rxc4 dxc4 37. Qe4 Nf7 38. Rd1 c3 39. Qa8+ Ke7 40. Nxg7 Nd8 41. Qe4 Rg6 42. Nh5 Nf7 43. Nf6 Kf8 44. Qa8+ Kg7 45. Qg8+ Kh6 46. Rh1# 1-0

[Event "FIDE Women World Rapid 2024"]
[Site "New York"]
[Date "2024.12.27"]
[Round "5.7"]
[White "Muzychuk, Anna"]
[Black "Garifullina, Leya"]
[Result "1/2-1/2"]
[ECO "B52"]
[WhiteElo "2515"]
[BlackElo "2451"]
[Annotator "ChessBase"]
[PlyCount "49"]
[EventDate "2024.12.14"]
[EventType "swiss"]
[EventCountry "USA"]
[SourceTitle "playchess.com"]
[Source "ChessBase"]
[SourceQuality "1"]
[TimeControl "900+10"]

1. e4 c5 2. Nf3 d6 3. Bb5+ Bd7 4. Bxd7+ Qxd7 5. c4 Nf6 6. Nc3 g6 7. d4 cxd4 8. Nxd4 Bg7 9. f3 O-O 10. Be3 Qc7 11. b3 a6 12. O-O e6 13. Rc1 Nc6 14. Qd2 Nxd4 15. Bxd4 Qa5 16. Rfd1 Rfd8 17. Qf2 Nd7 18. Bxg7 Kxg7 19. f4 Nf6 20. h3 b5 21. e5 dxe5 22. fxe5 Rxd1+ 23. Rxd1 Qxc3 24. Qxf6+ Kg8 25. Rd8+ 1/2-1/2

[Event "FIDE Women World Rapid 2024"]
[Site "New York"]
[Date "2024.12.27"]
[Round "5.7"]
[White "Nilssen, Ellen Fredericia"]
[Black "Danielian, Elina"]
[Result "0-1"]
[ECO "E14"]
[WhiteElo "2181"]
[BlackElo "2398"]
[Annotator "ChessBase"]
[PlyCount "142"]
[EventDate "2024.12.14"]
[EventType "swiss"]
[EventCountry "USA"]
[SourceTitle "playchess.com"]
[Source "ChessBase"]
[SourceQuality "1"]
[TimeControl "900+10"]

1. d4 Nf6 2. c4 e6 3. Nf3 c5 4. e3 b6 5. Nc3 Bb7 6. Be2 g6 7. O-O Bg7 8. b3 O-O 9. Bb2 cxd4 10. Nxd4 a6 11. Bf3 Qc8 12. Rc1 Rd8 13. Na4 Qc7 14. Qe2 d6 15. Rfd1 Nbd7 16. Bxb7 Qxb7 17. Qf3 d5 18. cxd5 Ne5 19. Qe2 Nxd5 20. f4 Nd7 21. Nc6 Re8 22. Bxg7 Kxg7 23. Qb2+ Kg8 24. Qd4 Rac8 25. Ne5 Nxe5 26. fxe5 Red8 27. Rxc8 Rxc8 28. g3 Kg7 29. e4 Ne7 30. Nxb6 Rc2 31. Nd7 Rxa2 32. Qe3 Nc6 33. Qf3 Qa7+ 34. Kh1 Qf2 35. Qxf2 Rxf2 36. Rd6 Rc2 37. Kg1 g5 38. g4 h6 39. h3 a5 40. Rd3 Kg6 41. Rf3 Rd2 42. Nc5 Nxe5 43. Rc3 h5 44. gxh5+ Kxh5 45. Nb7 Ra2 46. Nd6 Kg6 47. Nb7 Kf6 48. Kf1 a4 49. bxa4 Rxa4 50. Nc5 Ra2 51. Kg1 Ng6 52. Rf3+ Ke7 53. Rd3 Nf4 54. Rb3 Kd6 55. Nb7+ Ke5 56. Nc5 Rc2 57. Rb5 Nxh3+ 58. Kf1 Kf4 59. Rb3 Rxc5 60. Rxh3 Kxe4 61. Rg3 Kf4 62. Ra3 g4 63. Rb3 f5 64. Ra3 e5 65. Rb3 Rc2 66. Ra3 e4 67. Rb3 e3 68. Ra3 Kf3 69. Ra1 f4 70. Rb1 Rd2 71. Ke1 Rh2 0-1

[Event "FIDE Women World Rapid 2024"]
[Site "New York"]
[Date "2024.12.27"]
[Round "5.8"]
[White "Injac, Teodora"]
[Black "Mamedjarova, Turkan"]
[Result "1-0"]
[ECO "D36"]
[WhiteElo "2441"]
[BlackElo "2197"]
[Annotator "ChessBase"]
[PlyCount "69"]
[EventDate "2024.12.14"]
[EventType "swiss"]
[EventCountry "USA"]
[SourceTitle "playchess.com"]
[Source "ChessBase"]
[SourceQuality "1"]
[TimeControl "900+10"]

1. d4 d5 2. c4 e6 3. Nc3 Nf6 4. cxd5 exd5 5. Bg5 Be7 6. e3 c6 7. Bd3 Nbd7 8. h3 O-O 9. Nf3 Re8 10. Bf4 Nf8 11. Qc2 Bd6 12. Bxd6 Qxd6 13. O-O-O b5 14. Kb1 a5 15. Rc1 a4 16. g4 N6d7 17. Ne2 Bb7 18. Ng3 g6 19. h4 b4 20. Qd2 Ba6 21. Bxa6 Rxa6 22. h5 Rb6 23. hxg6 fxg6 24. Rh6 a3 25. b3 c5 26. Nf5 Qf6 27. dxc5 Rc6 28. Qxd5+ Kh8 29. N3d4 Rcc8 30. Qd6 Qg5 31. c6 Qxg4 32. cxd7 Qe4+ 33. Nc2 Rc6 34. dxe8=Q Qxe8 35. Qd4+ 1-0

[Event "FIDE Women World Rapid 2024"]
[Site "New York"]
[Date "2024.12.27"]
[Round "5.8"]
[White "Uuriintuya, Uurtsaikh"]
[Black "Paehtz, Elisabeth"]
[Result "0-1"]
[ECO "B27"]
[WhiteElo "2187"]
[BlackElo "2430"]
[Annotator "ChessBase"]
[PlyCount "60"]
[EventDate "2024.12.14"]
[EventType "swiss"]
[EventCountry "USA"]
[SourceTitle "playchess.com"]
[Source "ChessBase"]
[SourceQuality "1"]
[TimeControl "900+10"]

1. e4 c5 2. Nf3 g6 3. d4 cxd4 4. Qxd4 Nf6 5. e5 Nc6 6. Qe3 Ng4 7. Qe4 d5 8. exd6 Qxd6 9. Be2 Bf5 10. Qc4 Bg7 11. O-O Nd4 12. Nbd2 b5 13. Qxd4 Bxd4 14. Bxb5+ Kf8 15. Nb3 Bb6 16. h3 h5 17. c3 Be4 18. Nbd2 Bxf3 19. Nxf3 Nxf2 20. Rxf2 Bxf2+ 21. Kxf2 Qb6+ 22. Be3 Qxb5 23. b3 Qd3 24. Re1 Rc8 25. c4 f6 26. Kg1 a6 27. c5 Kf7 28. Bf2 Rhd8 29. Rc1 Qd5 30. Kh2 g5 0-1

[Event "FIDE Women World Rapid 2024"]
[Site "New York"]
[Date "2024.12.27"]
[Round "5.9"]
[White "Gunina, Valentina"]
[Black "Munkhzul, Turmunkh"]
[Result "0-1"]
[ECO "E94"]
[WhiteElo "2425"]
[BlackElo "2301"]
[Annotator "ChessBase"]
[PlyCount "266"]
[EventDate "2024.12.14"]
[EventType "swiss"]
[EventCountry "USA"]
[SourceTitle "playchess.com"]
[Source "ChessBase"]
[SourceQuality "1"]
[TimeControl "900+10"]

1. d4 Nf6 2. c4 g6 3. Nc3 Bg7 4. e4 d6 5. Nf3 O-O 6. Be2 e5 7. Be3 exd4 8. Nxd4 Re8 9. Qc2 c6 10. O-O Qe7 11. Bf3 Bg4 12. Rad1 Bxf3 13. Nxf3 Nxe4 14. Nxe4 Qxe4 15. Qxe4 Rxe4 16. Rxd6 Na6 17. b3 Nb4 18. Rfd1 Nxa2 19. Rd8+ Re8 20. Rxe8+ Rxe8 21. Rd7 b5 22. Rxa7 Nb4 23. g3 Nc2 24. Bb6 bxc4 25. bxc4 h6 26. Rc7 Re6 27. h4 Na3 28. c5 Nb5 29. Rd7 Nc3 30. Bc7 Ne4 31. Bb6 Bc3 32. Kg2 Kg7 33. Nd4 Bxd4 34. Rxd4 Nc3 35. Rd8 Nb5 36. Rc8 h5 37. Ba5 Kf6 38. Bd2 Kf5 39. Rf8 Re7 40. Rd8 Ke6 41. Be3 Rd7 42. Ra8 Kd5 43. Ra4 Ra7 44. Rf4 Ke6 45. Re4+ Kd5 46. Re8 Rd7 47. Kf3 Nd4+ 48. Kg2 Nf5 49. Bg5 Kxc5 50. f3 Ng7 51. Re5+ Kd6 52. Ra5 Ne6 53. Bf6 c5 54. g4 Kd5 55. Kf2 Rb7 56. Ra8 Rb4 57. gxh5 gxh5 58. Rh8 Nf4 59. Bc3 Rc4 60. Bd2 Ng6 61. Rxh5+ Kd6 62. Bg5 Rc2+ 63. Kg3 c4 64. Bf6 Ke6 65. Bd4 Rd2 66. Be3 Rd3 67. Kf2 c3 68. Rc5 Nxh4 69. Ke2 Rd5 70. Rxc3 Nf5 71. Bf4 Nd4+ 72. Kf2 Kf5 73. Be3 Ne6 74. Ra3 Rb5 75. Ra7 f6 76. Ra2 Rd5 77. Rc2 Ra5 78. Bd2 Rb5 79. Kg3 Rb3 80. Rc4 Rd3 81. Bc3 Ng5 82. Rf4+ Ke6 83. Rxf6+ Ke7 84. Rc6 Ne4+ 85. Kf4 Nxc3 86. Rc7+ Kd6 87. Rc8 Kd7 88. Rc5 Ne2+ 89. Ke4 Ra3 90. Rc2 Ng3+ 91. Kf4 Nh5+ 92. Kg5 Ng7 93. f4 Ne6+ 94. Kg4 Ra4 95. Rf2 Ke7 96. Kf5 Kf7 97. Ke5 Ra5+ 98. Ke4 Kf6 99. f5 Ra4+ 100. Kd5 Nf4+ 101. Kc6 Kxf5 102. Kb5 Rd4 103. Rc2 Ke5 104. Rc1 Rd2 105. Kc4 Rd4+ 106. Kb5 Nd3 107. Rc8 Rb4+ 108. Ka5 Rb1 109. Rc2 Kd4 110. Rh2 Nf4 111. Rh4 Ke5 112. Rh8 Nd5 113. Ka4 Kd4 114. Rh4+ Kc5 115. Rh5 Rb8 116. Rg5 Kc4 117. Rg4+ Kd3 118. Rg3+ Ne3 119. Rh3 Kc4 120. Rh4+ Kc3 121. Rh3 Kc4 122. Rh4+ Kc5 123. Rh5+ Nd5 124. Rg5 Rh8 125. Ka3 Rh3+ 126. Kb2 Rf3 127. Rh5 Kc4 128. Rh4+ Nf4 129. Rg4 Kb4 130. Kc2 Rf2+ 131. Kd1 Kc3 132. Rg3+ Nd3 133. Rg2 Nb2+ 0-1

[Event "FIDE Women World Rapid 2024"]
[Site "New York"]
[Date "2024.12.27"]
[Round "5.9"]
[White "Sultanbek, Zeinep"]
[Black "Garcia Martin, Marta"]
[Result "0-1"]
[ECO "A04"]
[WhiteElo "2101"]
[BlackElo "2322"]
[Annotator "ChessBase"]
[PlyCount "108"]
[EventDate "2024.12.14"]
[EventType "swiss"]
[EventCountry "USA"]
[SourceTitle "playchess.com"]
[Source "ChessBase"]
[SourceQuality "1"]
[TimeControl "900+10"]

1. Nf3 g6 2. g3 Bg7 3. d4 c5 4. Bg2 cxd4 5. Nxd4 Nc6 6. Nxc6 bxc6 7. O-O h5 8. Bg5 Bxb2 9. Nd2 Qa5 10. Be3 Bg7 11. Nb3 Qc7 12. Rb1 Nf6 13. Bf4 d6 14. Na5 Bd7 15. Qd2 O-O 16. Rb7 Qc8 17. Rfb1 Nd5 18. Bxd5 cxd5 19. Qxd5 Re8 20. c4 Be6 21. Qb5 Qc5 22. Nc6 Bf6 23. Rc1 a6 24. Qxc5 dxc5 25. Be5 Bxe5 26. Nxe5 Rab8 27. Rcb1 Rxb7 28. Rxb7 Kf8 29. Ra7 Rb8 30. Rxa6 Bf5 31. f3 Rb2 32. Kf2 f6 33. Ra8+ Kg7 34. Nc6 Bd3 35. a4 Rxe2+ 36. Kg1 Bxc4 37. Ra7 Kf8 38. a5 Bd5 39. Nb8 c4 40. Rc7 Ra2 41. a6 Bxf3 42. Rxc4 e5 43. Rc7 e4 44. Rc3 Ke7 45. a7 Kd6 46. Rc6+ Ke5 47. Nd7+ Kd4 48. Nxf6 e3 49. Rc1 Rg2+ 50. Kf1 e2+ 51. Ke1 Rg1+ 52. Kf2 Rxc1 53. Kxf3 e1=Q 54. a8=Q Qh1+ 0-1